PAAA
PLYMOUTH ROCKS @ BAKERSFIELD NOBLES
05/11/2042
 
TOP OF THE 1ST
Plymouth Rocks batting - Pitching for Bakersfield Nobles : RHP Elton Coalan
Pitching: RHP Elton Coalan
Batting: LHB Michael Malloy 0-0: Ball
1-0: Ball
2-0: Ball
3-0: Base on Balls
Batting: LHB You-liang Yang 0-0: Ball
1-0: Ball
2-0: Foul Ball, location: 2F
2-1: Called Strike
2-2: Ball
3-2: Base on Balls
Michael Malloy to second
Batting: LHB Jesús Guillén 0-0: Ball
1-0: Ball
2-0: Fly out, F6 (Popup, 4MS, EV 66.9 MPH)
Batting: RHB Elias den Blick 0-0: Called Strike
0-1: Ball
1-1: Swinging Strike
1-2: Ball
2-2: Ball
3-2: Base on Balls
Michael Malloy to third
You-liang Yang to second
Batting: RHB Tony Randolph 0-0: SINGLE (Line Drive, 7LS, EV 99.4 MPH)
Michael Malloy scores
You-liang Yang to third
Elias den Blick to second
Batting: RHB Josip Primorac 0-0: Fly out, F8 (Line Drive, 8RD, EV 105.0 MPH)
Runner from 3rd tags up, SCORES, throw by CF
Batting: LHB Pedro Marrero 0-0: Ball
1-0: Called Strike
1-1: Foul Ball, location: 2F
1-2: Foul Ball, location: 2F
1-2: Strikes out swinging
Top of the 1st over - 2 runs, 1 hit, 0 errors, 2 left on base; Plymouth 2 - Bakersfield 0
BOTTOM OF THE 1ST
Bakersfield Nobles batting - Pitching for Plymouth Rocks : RHP Sanford Shades
Pitching: RHP Sanford Shades
Batting: LHB Kiambu Fentress 0-0: Ball
1-0: Ball
2-0: Called Strike
2-1: Ground out 5-3 (Groundball, 56, EV 101.9 MPH)
Batting: SHB Marc Cadiou 0-0: Called Strike
0-1: Ball
1-1: Called Strike
1-2: Ball
2-2: Ground out 4-3 (Groundball, 34, EV 88.1 MPH)
Batting: SHB César Enríques 0-0: Ball
1-0: Swinging Strike
1-1: Fly out, F4 (Popup, 4M, EV 60.6 MPH)
Bottom of the 1st over - 0 runs, 0 hits, 0 errors, 0 left on base; Plymouth 2 - Bakersfield 0
TOP OF THE 2ND
Plymouth Rocks batting - Pitching for Bakersfield Nobles : RHP Elton Coalan
Batting: RHB Miguel Contreras 0-0: Ball
1-0: Ball
2-0: Called Strike
2-1: Swinging Strike
2-2: Ball
3-2: Ground out U3 (Groundball, 3, EV 91.2 MPH)
Batting: RHB António Avery 0-0: Called Strike
0-1: Fly out, F8 (Flyball, 8LM, EV 86.2 MPH)
Batting: LHB Michael Malloy 0-0: Ball
1-0: Foul Ball, location: 2F
1-1: Ball
2-1: Ball
3-1: Base on Balls
Batting: LHB You-liang Yang 0-0: Swinging Strike
0-1: Ball
1-1: Ball
2-1: Ball
3-1: Called Strike
3-2: Foul Ball, location: 2F
3-2: SINGLE (Groundball, 25, EV 64.4 MPH) (infield hit)
Michael Malloy to second
Batting: LHB Jesús Guillén 0-0: Foul Ball, location: 2F
0-1: Called Strike
0-2: Ball
1-2: Ball
2-2: Fielders Choice at 2nd, 6-4 (Groundball, 6, EV 104.4 MPH)
Top of the 2nd over - 0 runs, 1 hit, 0 errors, 2 left on base; Plymouth 2 - Bakersfield 0
BOTTOM OF THE 2ND
Bakersfield Nobles batting - Pitching for Plymouth Rocks : RHP Sanford Shades
Batting: RHB Tyler Bowen 0-0: Called Strike
0-1: Ball
1-1: Ball
2-1: Ball
3-1: Ground out 1-3 (Groundball, 15, EV 83.1 MPH)
Batting: RHB Frank Ray 0-0: Ball
1-0: Foul Ball, location: 2F
1-1: SINGLE (Line Drive, 5D, EV 93.8 MPH)
Batting: RHB Jesús Vargas 0-0: Ball
1-0: Swinging Strike
1-1: DOUBLE (Flyball, 8RXD, EV 99.4 MPH)
Frank Ray to third
Batting: LHB Roldão Cintra 0-0: Ball
1-0: Called Strike
1-1: Ball
2-1: Called Strike
2-2: Fly out, F9 (Flyball, 89S, EV 90.0 MPH)
Batting: RHB Alfredo Araújo 0-0: Ball
1-0: Fly out, F8 (Flyball, 8LM, EV 85.0 MPH)
Bottom of the 2nd over - 0 runs, 2 hits, 0 errors, 2 left on base; Plymouth 2 - Bakersfield 0
TOP OF THE 3RD
Plymouth Rocks batting - Pitching for Bakersfield Nobles : RHP Elton Coalan
Batting: RHB Elias den Blick 0-0: Ball
1-0: Called Strike
1-1: Ground out 6-3 (Groundball, 56, EV 88.8 MPH)
Pitching: RHP Jeremy Gonzáles
Batting: RHB Tony Randolph 0-0: Foul Ball, location: 2F
0-1: Ball
1-1: Ground out 5-3 (Groundball, 56S, EV 78.8 MPH)
Batting: RHB Josip Primorac 0-0: Foul Ball, location: 2F
0-1: Called Strike
0-2: Ball
1-2: Ball
2-2: Fly out, F9 (Flyball, 9LMF, EV 96.9 MPH)
Top of the 3rd over - 0 runs, 0 hits, 0 errors, 0 left on base; Plymouth 2 - Bakersfield 0
BOTTOM OF THE 3RD
Bakersfield Nobles batting - Pitching for Plymouth Rocks : RHP Sanford Shades
Batting: RHB Yu-shu Kang 0-0: Called Strike
0-1: Ball
1-1: Ground out 4-3 (Groundball, 4, EV 83.8 MPH)
Batting: LHB Kiambu Fentress 0-0: Called Strike
0-1: Ball
1-1: Ball
2-1: Fly out, F6 (Popup, 6MD, EV 50.6 MPH)
Batting: SHB Marc Cadiou 0-0: SINGLE (Line Drive, 9S, EV 86.2 MPH)
Batting: SHB César Enríques 0-0: Called Strike
0-1: Ball
Wild Pitch!
Marc Cadiou to second
1-1: Ball
2-1: Fly out, F8 (Flyball, 8LM, EV 88.1 MPH)
Bottom of the 3rd over - 0 runs, 1 hit, 0 errors, 1 left on base; Plymouth 2 - Bakersfield 0
TOP OF THE 4TH
Plymouth Rocks batting - Pitching for Bakersfield Nobles : RHP Jeremy Gonzáles
Batting: LHB Pedro Marrero 0-0: SINGLE (Groundball, 56D, EV 95.0 MPH)
Batting: RHB Miguel Contreras 0-0: Foul Ball, location: 2F
0-1: SINGLE (Line Drive, 4M, EV 103.1 MPH)
Pedro Marrero to second
Batting: RHB António Avery 0-0: SINGLE (Line Drive, 4MD, EV 97.5 MPH)
Pedro Marrero to third
Miguel Contreras to second
Runner from 3rd tries for Home, SAFE, throw by CF to home
Batting: LHB Michael Malloy 0-0: Ball
1-0: Ball
2-0: Ball
3-0: Called Strike
3-1: Swinging Strike
3-2: Base on Balls
Miguel Contreras to third
António Avery to second
Batting: LHB You-liang Yang 0-0: Called Strike
0-1: DOUBLE (Flyball, 9LD, EV 93.8 MPH)
Miguel Contreras scores
António Avery scores
Michael Malloy to third
Batting: LHB Jesús Guillén 0-0: Swinging Strike
0-1: Ball
1-1: Ball
2-1: Ball
3-1: Called Strike
3-2: Strikes out swinging
Batting: RHB Elias den Blick 0-0: Ball
1-0: Ball
2-0: Called Strike
2-1: Ball
3-1: Foul Ball, location: 2F
3-2: Strikes out swinging
Pitching: RHP Raimo Kangas
Batting: RHB Tony Randolph 0-0: Ball
1-0: Foul Ball, location: 2F
1-1: Ball
2-1: Foul Ball, location: 2F
2-2: Fly out, F3 (Popup, 34S, EV 79.4 MPH)
Top of the 4th over - 3 runs, 4 hits, 0 errors, 2 left on base; Plymouth 5 - Bakersfield 0
BOTTOM OF THE 4TH
Bakersfield Nobles batting - Pitching for Plymouth Rocks : RHP Sanford Shades
Batting: RHB Tyler Bowen 0-0: Called Strike
0-1: Ball
1-1: Ground out 4-3 (Groundball, 34, EV 97.5 MPH)
Batting: RHB Frank Ray 0-0: Swinging Strike
0-1: Foul Ball, location: 2F
0-2: Ball
1-2: Ground out 1-3 (Groundball, 15S, EV 72.5 MPH)
Batting: RHB Jesús Vargas 0-0: Ball
1-0: Ball
2-0: Fly out, F8 (Flyball, 78M, EV 91.2 MPH)
Bottom of the 4th over - 0 runs, 0 hits, 0 errors, 0 left on base; Plymouth 5 - Bakersfield 0
TOP OF THE 5TH
Plymouth Rocks batting - Pitching for Bakersfield Nobles : RHP Raimo Kangas
Batting: RHB Josip Primorac 0-0: Ground out 6-3 (Groundball, 6, EV 78.8 MPH)
Batting: LHB Pedro Marrero 0-0: Foul Ball, location: 2F
0-1: Ground out 5-3 (Groundball, 56, EV 96.9 MPH)
Batting: RHB Miguel Contreras 0-0: Ball
1-0: Ball
2-0: Fly out, F6 (Popup, P, EV 75.0 MPH)
Top of the 5th over - 0 runs, 0 hits, 0 errors, 0 left on base; Plymouth 5 - Bakersfield 0
BOTTOM OF THE 5TH
Bakersfield Nobles batting - Pitching for Plymouth Rocks : RHP Sanford Shades
Batting: LHB Roldão Cintra 0-0: Called Strike
0-1: Ball
1-1: Ball
2-1: Called Strike
2-2: Strikes out looking
Batting: RHB Alfredo Araújo 0-0: DOUBLE (Groundball, 5L, EV 95.6 MPH)
Batting: RHB Yu-shu Kang 0-0: Called Strike
0-1: SINGLE (Flyball, 7LM, EV 87.5 MPH)
Alfredo Araújo to third
Batting: LHB Kiambu Fentress 0-0: Called Strike
0-1: Grounds into double play, 4-6-3 (Groundball, 4, EV 105.6 MPH)
Bottom of the 5th over - 0 runs, 2 hits, 0 errors, 1 left on base; Plymouth 5 - Bakersfield 0
TOP OF THE 6TH
Plymouth Rocks batting - Pitching for Bakersfield Nobles : RHP Raimo Kangas
Batting: RHB António Avery 0-0: Foul Ball, location: 2F
0-1: Foul Ball, location: 2F
0-2: Foul Ball, location: 2F
0-2: Fly out, F9 (Flyball, 9, EV 71.9 MPH)
Batting: LHB Michael Malloy 0-0: Ball
1-0: Ball
2-0: Ball
3-0: Base on Balls
Batting: LHB You-liang Yang 0-0: 2-RUN HOME RUN (Line Drive, 9D, EV 96.2 MPH), Distance : 367 ft
Batting: LHB Jesús Guillén 0-0: Called Strike
0-1: Ground out 1-3 (Groundball, 34S, EV 71.2 MPH)
Batting: RHB Elias den Blick 0-0: Ball
1-0: Ball
2-0: Ball
3-0: Called Strike
3-1: Foul Ball, location: 2F
3-2: Base on Balls
Batting: RHB Tony Randolph 0-0: Ball
1-0: Ball
2-0: Ball
3-0: Called Strike
3-1: Swinging Strike
3-2: Ground out 6-3 (Groundball, 6, EV 84.4 MPH)
Top of the 6th over - 2 runs, 1 hit, 0 errors, 1 left on base; Plymouth 7 - Bakersfield 0
BOTTOM OF THE 6TH
Bakersfield Nobles batting - Pitching for Plymouth Rocks : RHP Sanford Shades
Batting: SHB Marc Cadiou 0-0: Called Strike
0-1: Ground out 1-3 (Groundball, 15S, EV 66.2 MPH)
Batting: SHB César Enríques 0-0: Ball
1-0: Called Strike
1-1: Called Strike
1-2: Ball
2-2: Ball
3-2: Foul Ball, location: 2F
3-2: SINGLE (Line Drive, 9S, EV 108.1 MPH)
Batting: RHB Tyler Bowen 0-0: Called Strike
0-1: Fly out, F8 (Flyball, 8RM, EV 83.1 MPH)
Batting: RHB Frank Ray 0-0: Ball
1-0: Called Strike
1-1: Ground out 1-3 (Groundball, P, EV 69.4 MPH)
Bottom of the 6th over - 0 runs, 1 hit, 0 errors, 1 left on base; Plymouth 7 - Bakersfield 0
TOP OF THE 7TH
Plymouth Rocks batting - Pitching for Bakersfield Nobles : RHP Raimo Kangas
Batting: RHB Josip Primorac 0-0: Foul Ball, location: 2F
0-1: SINGLE (Groundball, 6MD, EV 97.5 MPH)
Batting: LHB Pedro Marrero 0-0: Ball
1-0: Ball
2-0: Called Strike
2-1: Ball
3-1: Swinging Strike
3-2: Base on Balls
Josip Primorac to second
Pitching: LHP Bing-zhong Qiu
Batting: RHB Miguel Contreras 0-0: 3-RUN HOME RUN (Flyball, 7D, EV 94.4 MPH), Distance : 363 ft
Batting: RHB António Avery 0-0: Called Strike
0-1: Ball
1-1: Foul Ball, location: 2F
1-2: Strikes out swinging, 2-3 out at first.
Batting: LHB Michael Malloy 0-0: Ball
1-0: Ball
2-0: Called Strike
2-1: Foul Ball, location: 2F
2-2: Strikes out swinging
Batting: LHB You-liang Yang 0-0: Called Strike
0-1: Ball
1-1: Ball
2-1: Foul Ball, location: 2F
2-2: Strikes out swinging
Top of the 7th over - 3 runs, 2 hits, 0 errors, 0 left on base; Plymouth 10 - Bakersfield 0
BOTTOM OF THE 7TH
Bakersfield Nobles batting - Pitching for Plymouth Rocks : RHP Sanford Shades
Batting: RHB Jesús Vargas 0-0: Swinging Strike
0-1: Ball
1-1: Foul Ball, location: 2F
1-2: Foul Ball, location: 2F
1-2: Ground out 1-3 (Groundball, 13S, EV 67.5 MPH)
Batting: LHB Roldão Cintra 0-0: Called Strike
0-1: Ground out 5-3 (Groundball, 5, EV 85.6 MPH)
Batting: RHB Alfredo Araújo 0-0: Called Strike
0-1: Called Strike
0-2: Fly out, F7 (Flyball, 7LS, EV 91.9 MPH)
Bottom of the 7th over - 0 runs, 0 hits, 0 errors, 0 left on base; Plymouth 10 - Bakersfield 0
TOP OF THE 8TH
Plymouth Rocks batting - Pitching for Bakersfield Nobles : LHP Bing-zhong Qiu
Batting: LHB Jesús Guillén 0-0: Foul Ball, location: 2F
0-1: Foul Ball, location: 2F
0-2: Strikes out swinging, 2-3 out at first.
Batting: RHB Elias den Blick 0-0: Ball
1-0: Ball
2-0: Ball
3-0: Base on Balls
Pitching: RHP Owen Schultz
Batting: RHB Tony Randolph 0-0: Swinging Strike
0-1: Called Strike
0-2: Strikes out swinging
Batting: RHB Josip Primorac 0-0: Ball
1-0: Foul Ball, location: 2F
1-1: Foul Ball, location: 2F
1-2: Ball
2-2: Fly out, F4 (Popup, 34, EV 62.5 MPH)
Top of the 8th over - 0 runs, 0 hits, 0 errors, 1 left on base; Plymouth 10 - Bakersfield 0
BOTTOM OF THE 8TH
Bakersfield Nobles batting - Pitching for Plymouth Rocks : RHP Sanford Shades
Batting: RHB Yu-shu Kang 0-0: Ball
1-0: Ball
2-0: Foul Ball, location: 2F
2-1: Ball
3-1: Base on Balls
Batting: LHB Kiambu Fentress 0-0: Called Strike
0-1: Ball
1-1: Foul Ball, location: 2F
1-2: Ground out 5-3 (Groundball, 56S, EV 65.0 MPH)
Yu-shu Kang to second
Batting: SHB Marc Cadiou 0-0: Fly out, F4 (Popup, 34S, EV 82.5 MPH)
Batting: SHB César Enríques 0-0: Foul Ball, location: 2F
0-1: Swinging Strike
0-2: Ball
1-2: Foul Ball, location: 2F
1-2: Strikes out swinging
Bottom of the 8th over - 0 runs, 0 hits, 0 errors, 1 left on base; Plymouth 10 - Bakersfield 0
TOP OF THE 9TH
Plymouth Rocks batting - Pitching for Bakersfield Nobles : RHP Owen Schultz
Batting: LHB Pedro Marrero 0-0: Ball
1-0: Called Strike
1-1: Ball
2-1: Foul Ball, location: 2F
2-2: Foul Ball, location: 2F
2-2: Ball
3-2: Foul Ball, location: 2F
3-2: Base on Balls
Batting: RHB Miguel Contreras 0-0: Ball
1-0: SINGLE (Groundball, 4MS, EV 76.2 MPH) (infield hit)
Pedro Marrero to second
Batting: RHB António Avery 0-0: Called Strike
0-1: Ball
1-1: Called Strike
1-2: Strikes out looking
Batting: LHB Michael Malloy 0-0: Ball
1-0: Ball
2-0: Foul Ball, location: 2F
2-1: Ball
3-1: Base on Balls
Pedro Marrero to third
Miguel Contreras to second
Batting: LHB You-liang Yang 0-0: Swinging Strike
0-1: Fly out, F7 (Line Drive, 7, EV 111.9 MPH)
Batting: LHB Jesús Guillén 0-0: Ball
1-0: Ball
2-0: Swinging Strike
2-1: Ball
3-1: SINGLE (Line Drive, 6MD, EV 96.9 MPH)
Pedro Marrero scores
Miguel Contreras to third
Michael Malloy to second
Runner from 3rd tries for Home, SAFE, no throw by CF
Batting: RHB Elias den Blick 0-0: Ball
1-0: Foul Ball, location: 2F
1-1: Ground out 4-3 (Groundball, 34D, EV 103.8 MPH)
Top of the 9th over - 2 runs, 2 hits, 0 errors, 2 left on base; Plymouth 12 - Bakersfield 0
BOTTOM OF THE 9TH
Bakersfield Nobles batting - Pitching for Plymouth Rocks : RHP Sanford Shades
Batting: RHB Tyler Bowen 0-0: Called Strike
0-1: Ball
1-1: Ball
2-1: Called Strike
2-2: Ball
3-2: Strikes out swinging
Pitching: RHP Roger Edwards
Batting: RHB Frank Ray 0-0: SINGLE (Groundball, 6MD, EV 108.8 MPH)
Batting: RHB Jesús Vargas 0-0: Swinging Strike
0-1: Ball
1-1: Ball
2-1: Reached on error, E4 (Groundball, 4D, EV 100.0 MPH)
Frank Ray to second
Batting: LHB Roldão Cintra 0-0: Called Strike
0-1: Ball
1-1: Foul Ball, location: 2F
1-2: Ball
2-2: Ball
3-2: Base on Balls
Frank Ray to third
Jesús Vargas to second
Batting: RHB Alfredo Araújo 0-0: Called Strike
0-1: DOUBLE (Line Drive, 7LS, EV 99.4 MPH)
Frank Ray scores
Jesús Vargas scores
Roldão Cintra to third
Batting: RHB Yu-shu Kang 0-0: Ball
1-0: Swinging Strike
1-1: Ball
2-1: Foul Ball, location: 2F
2-2: Ground out 6-3 (Groundball, 6, EV 99.4 MPH)
Roldão Cintra scores
Batting: LHB Kiambu Fentress 0-0: Ball
1-0: Ball
2-0: Ball
3-0: Base on Balls
Batting: SHB Marc Cadiou 0-0: Ball
1-0: Foul Ball, location: 2F
1-1: Ball
2-1: Swinging Strike
2-2: Ball
3-2: Base on Balls
Alfredo Araújo to third
Kiambu Fentress to second
Batting: SHB César Enríques 0-0: Ball
1-0: Fly out, F5 (Popup, 15, EV 90.0 MPH)
Bottom of the 9th over - 3 runs, 2 hits, 1 error, 3 left on base; Plymouth 12 - Bakersfield 3
Friday, March 26th, 2021 - OOTP Baseball 20.8 Build 74